 Dungeon Crawl Stone Soup version 0.24-a0-244-ga6a6ab7 (console) character file.

Game seed: 13281096700840879884

8101 utis the Nimble (level 11, -3/68 HPs)
             Began as a Tengu Summoner on Apr 10, 2019.
             Slain by a meliai simulacrum (20 damage)
             ... on level 10 of the Dungeon.
             The game lasted 00:50:43 (14322 turns).

utis the Nimble (Tengu Summoner)                   Turns: 14322, Time: 00:50:43

Health: -3/68      AC:  7    Str: 11    XL:     11   Next: 25%
Magic:  11/15      EV: 22    Int: 19    God:
Gold:   582        SH:  0    Dex: 16    Spells: 0/14 levels left

rFire    . . .     SeeInvis .   a - +2 flail (drain)
rCold    . . .     Gourm    .   (no shield)
rNeg     . . .     Faith    .   q - +0 ring mail
rPois    .         Spirit   .   (helmet restricted)
rElec    .         Reflect  .   y - +1 cloak
rCorr    .         Harm     .   (no gloves)
MR       .....                  (boots unavailable)
Stlth    +.........             g - amulet of regeneration {@e1}
HPRegen  0.61/turn              I - +4 ring of intelligence
MPRegen  0.14/turn              (no ring)

@: flying quickly and evasively, quick
A: beak, talons 3, able to fly
a: Stop Flying


You were on level 10 of the Dungeon.
You were not hungry.

You visited 1 branch of the dungeon, and saw 10 of its levels.
You also visited: Sewer and Ossuary.

You collected 582 gold pieces.

Inventory:

Hand Weapons
 a - a +2 flail of draining (weapon)
 b - a +0 hand crossbow
 c - a +0 blowgun {@w1}
 f - a +0 club
 s - a +0 whip of pain
 z - a +3 quarterstaff of chaos
 E - a +3 dagger
 F - a +0 glaive
 P - a +0 short sword
Missiles
 d - 5 curare-tipped needles {=f}
 e - 45 poisoned needles
 h - 57 sling bullets
 i - 102 bolts
 k - 13 tomahawks
 p - 299 stones (quivered)
 u - 83 arrows
 x - 3 javelins
Armour
 q - a +0 ring mail (worn)
 y - a +1 cloak (worn)
 H - a scarf of cloud immunity
 M - the +1 leather armour of Vymuv {rF+ rN+ MR- Str+2}
   (You found it on level 6 of the Dungeon)

   It affects your strength (+2).
   It protects you from fire.
   It protects you from negative energy.
   It affects your resistance to hostile enchantments.
Magical Staves
 w - an uncursed staff of fire
 V - an uncursed staff of energy {!a}
Jewellery
 g - an amulet of regeneration (around neck) {@e1}
 C - an uncursed ring of protection from cold
 I - a +4 ring of intelligence (left hand)
 R - an uncursed ring of see invisible {unknown}
 Y - a cursed -2 ring of slaying {unknown}
Wands
 O - a wand of digging (8)
Scrolls
 l - a scroll of blinking
 n - 4 scrolls of magic mapping
 t - 5 scrolls of teleportation {@r4}
 A - 2 scrolls of noise {unknown}
 D - 2 scrolls of fog
 G - 6 scrolls of remove curse {@r2}
 K - 2 scrolls of enchant armour
 L - a scroll of random uselessness {unknown}
 T - a scroll of silence {unknown}
Potions
 o - a potion of mutation {!q}
 r - a potion of lignification {unknown}
 v - 5 potions of brilliance
 B - a potion of cancellation {unknown}
 J - a potion of flight {unknown}
 N - a potion of heal wounds {unknown}
 Q - 2 potions of invisibility {unknown}
 S - a potion of experience {unknown}
 U - 4 potions of magic
 W - a potion of might
 X - a potion of resistance {unknown}
 Z - a potion of curing {@q1}
Comestibles
 j - 12 rations {@e1}
 m - 2 chunks of flesh


   Skills:
 - Level 8.0 Fighting
 - Level 2.0 Maces & Flails
 + Level 12.8 Dodging
 - Level 2.0 Stealth
 - Level 2.0 Spellcasting
 + Level 10.2 Summonings
 + Level 0.9 Ice Magic
 - Level 6.1 Air Magic


You couldn't memorise any spells.
You knew the following spells:

 Your Spells              Type           Power        Failure   Level  Hunger
b - Summon Ice Beast      Ice/Summ       ###.....     38%         4    #####..
f - Call Canine Familiar  Summ           #####...     1%          3    ###....
p - Call Imp              Summ           #####...     1%          2    ###....
t - Summon Lightning Spi  Summ/Air       ####....     14%         4    #####..
z - Summon Small Mammal   Summ           ####         1%          1    #......

Your spell library contained the following spells:

 Spells                   Type           Power        Failure   Level  Hunger
 Summon Guardian Golem    Hex/Summ       ###.....     16%         3    ###....
 Animate Skeleton         Necr           N/A          38%         1    #......
 Apportation              Tloc           #.....       38%         1    #......
 Confusing Touch          Hex            #.....       38%         1    #......
 Sting                    Conj/Pois      #...         38%         1    #......
 Leda's Liquefaction      Hex/Erth       #.........   99%         4    #####..
 Petrify                  Tmut/Erth      #.......     99%         4    #####..
 Venom Bolt               Conj/Pois      #.........   100%        5    ######.
 Statue Form              Tmut/Erth      #........    100%        6    #######


Dungeon Overview and Level Annotations

Branches:
Dungeon (10/15)            Temple (0/1) D:7            Lair (0/6) D:10
    Orc: D:9-12

Altars:
Elyvilon
Fedhas
Gozag
Makhleb
Nemelex Xobeh
Sif Muna
Trog
Yredelemnul
The Shining One
Beogh


Innate Abilities, Weirdness & Mutations

You have a beak for a mouth.
You have claws for feet.
You can fly continuously.


Message History

The meliai simulacrum misses you.
The meliai simulacrum closely misses you.
Casting: Summon Lightning Spire (safe; 14% risk of failure)
Confirm with . or Enter, or press ? or * to list all spells.
Aiming: Summon Lightning Spire (safe; 14% risk of failure)
Press: ? - help, Dir - move target cursor, p - meliai simulacrum An electric hum fills the air.
The meliai simulacrum closely misses you.
The meliai simulacrum misses you. The meliai simulacrum hits you.
The meliai simulacrum freezes you!!
The meliai simulacrum closely misses you.
You hit the meliai simulacrum but do no damage.
You claw the meliai simulacrum! You peck the meliai simulacrum.
The meliai simulacrum is severely damaged.
The meliai simulacrum hits you. The meliai simulacrum freezes you!
* * * LOW HITPOINT WARNING * * *
The meliai simulacrum hits you!
* * * LOW HITPOINT WARNING * * *
The meliai simulacrum freezes you!!
You die...

░░..░....░░.....░≈≈≈░░........░░
░░.......░ ░░.....≈≈≈░░.........░
........░░░░░.....≈≈≈.░.....░░...
...........░░...░..≈.......)░░...
➘..............░░░...............
░░...░░.░......░░...░░........░░.
........░..........░░░...........
...............░░░.░░░<..░░░....░
░░.............ZQ....░..░░.░.....
░.............8.................
.............░░░..........░....
..............░░░..░░...).░....
.................░..░......░...
................░░.░░.÷..░.░...
.░..............░░.░░....░.....
....░......................
......░░░..................


You could see a meliai simulacrum and a friendly lightning spire.

Vanquished Creatures
  A two-headed ogre (D:9)
  2 trolls
  2 hippogriffs
  5 yaks (D:9)
  A water moccasin (D:8)
  3 orc warriors (D:9)
  A sky beast (D:6)
  A hornet zombie (D:8)
  2 ice beasts
  A phantom (D:5)
  2 black bears (D:9)
  2 centaurs
  2 wolves (D:10)
  3 ogres
  5 big kobolds
  Blork the orc (D:5)
  2 elf zombies (Ossuary)
  3 bullfrogs
  A wyvern zombie (D:10)
  3 scorpions (D:10)
  A wyvern skeleton (D:10)
  10 killer bees
  4 wights (D:8)
  4 howler monkeys
  A centaur zombie (Ossuary)
  4 crimson imps
  A bullfrog zombie (D:5)
  4 hounds
  A human zombie (Ossuary)
  8 orc wizards
  4 orc priests
  A bullfrog skeleton (D:7)
  A jelly (D:8)
  A gnoll shaman (D:7)
  An iguana (D:10)
  5 worker ants
  A killer bee zombie (D:5)
  3 big kobold zombies (Ossuary)
  A hound zombie (D:5)
  2 mummies (Ossuary)
  3 worker ant zombies
  6 gnolls
  2 river rats (Sewer)
  18 adders
  A howler monkey skeleton (D:9)
  A shadow imp (D:5)
  2 oozes (Sewer)
  An adder zombie (Ossuary)
  3 adder skeletons
  4 worms (Sewer)
  A dart slug (D:1)
  5 leopard geckos
  29 orcs
  5 ball pythons
  3 bats
  9 giant cockroaches
  8 goblins
  8 hobgoblins
  15 jackals
  3 quokkas
  4 frilled lizards
  2 goblin zombies (Ossuary)
  9 hobgoblin zombies (Ossuary)
  A jackal skeleton (D:4)
  A jackal zombie (Ossuary)
  14 kobolds
  11 kobold zombies (Ossuary)
  7 orc zombies (Ossuary)
  A quokka zombie (D:5)
  11 rats
289 creatures vanquished.

Vanquished Creatures (collateral kills)
  A troll (D:9)
  A centaur simulacrum (D:10)
  Sigmund (D:2)
  4 yaks
  A wyvern (D:8)
  Menkaure (D:6)
  2 ogres
  A phantom (D:10)
  A wolf (D:10)
  A bullfrog (D:7)
  6 killer bees
  5 wights (D:8)
  A quasit (D:7)
  A hound (D:10)
  A centaur skeleton (D:2)
  Crazy Yiuf (D:3)
  A gnoll (D:7)
  A white imp (D:10)
  2 ufetubi (D:10)
  A worm (D:2)
  A hobgoblin (D:1)
  A bat (D:2)
  A goblin (D:2)
37 creatures vanquished.

Grand Total: 326 creatures vanquished

Notes
Turn   | Place    | Note
-------+----------+-------------------------------------------
     0 | D:1      | utis the Tengu Summoner began the quest for the Orb.
     0 | D:1      | Reached XP level 1. HP: 10/10 MP: 4/4
   175 | D:1      | Reached skill level 5 in Summonings
   358 | D:1      | Reached XP level 2. HP: 8/15 MP: 6/6
   486 | D:1      | Learned a level 2 spell: Call Imp
  1256 | D:2      | Reached skill level 3 in Dodging
  1256 | D:2      | Reached XP level 3. HP: 9/19 MP: 0/7
  1391 | D:2      | Learned a level 3 spell: Call Canine Familiar
  1522 | D:2      | Reached XP level 4. HP: 22/24 MP: 8/8
  1778 | D:2      | Noticed Sigmund
  1978 | D:2      | Found a deep blue altar of Sif Muna.
  2196 | D:2      | Found a blossoming altar of Fedhas.
  2342 | D:2      | Killed Sigmund
  2342 | D:2      | Reached skill level 4 in Dodging
  2342 | D:2      | Gained mutation: You can fly continuously. [Tengu growth]
  2342 | D:2      | Reached XP level 5. HP: 30/30 MP: 2/9
  3654 | D:3      | Found a runed translucent door.
  3655 | D:3      | Noticed Crazy Yiuf
  3686 | D:3      | Killed Crazy Yiuf
  4181 | D:4      | Noticed an ogre
  4193 | D:4      | Killed an ogre
  4193 | D:4      | Reached XP level 6. HP: 35/36 MP: 2/10
  4457 | D:4      | Reached skill level 5 in Dodging
  4703 | D:4      | Found a glowing drain.
  4708 | Sewer    | Entered a sewer
  5300 | Sewer    | Reached skill level 6 in Dodging
  5309 | Sewer    | Reached XP level 7. HP: 36/41 MP: 11/11
  5372 | Sewer    | Reached skill level 7 in Dodging
  5492 | D:4      | Found a sparkling altar of Nemelex Xobeh.
  5770 | D:4      | Learned a level 4 spell: Summon Lightning Spire
  5811 | D:5      | Entered Level 5 of the Dungeon
  5865 | D:5      | Found a glowing golden altar of the Shining One.
  5927 | D:5      | Reached skill level 1 in Air Magic
  5990 | D:5      | Found a burning altar of Makhleb.
  5990 | D:5      | Found an opulent altar of Gozag.
  6114 | D:5      | Noticed Blork the orc
  6122 | D:5      | Killed Blork the orc
  6122 | D:5      | Reached XP level 8. HP: 35/46 MP: 12/12
  6440 | D:5      | Found a blossoming altar of Fedhas.
  6440 | D:5      | Found a white marble altar of Elyvilon.
  6917 | D:6      | Identified the Tome of Clay and Toxins
  6995 | D:6      | Reached skill level 5 in Air Magic
  7142 | D:6      | Found a sand-covered staircase.
  7164 | Ossuary  | Entered an ossuary
  7822 | D:6      | Reached XP level 9. HP: 50/50 MP: 13/13
  7830 | D:6      | Noticed Menkaure
  7878 | D:6      | Killed Menkaure
  8015 | D:6      | Found a basalt altar of Yredelemnul.
  8151 | D:6      | Got a fine leather armour
  8176 | D:6      | Identified the cursed +1 leather armour of Vymuv {rF+ rN+
                  | MR- Str+2} (You found it on level 6 of the Dungeon)
  8238 | D:7      | Reached skill level 10 in Summonings
  8635 | D:7      | Found a staircase to the Ecumenical Temple.
  8681 | D:7      | Reached skill level 8 in Dodging
  9458 | D:8      | Reached skill level 1 in Maces & Flails
  9660 | D:8      | Reached skill level 5 in Fighting
  9806 | D:8      | Reached skill level 9 in Dodging
  9828 | D:8      | HP: 2/54 [poisoned by a killer bee]
  9881 | D:8      | HP: 2/54 [killer bee (6)]
 10562 | D:8      | Reached XP level 10. HP: 59/59 MP: 10/14
 10641 | D:8      | Reached skill level 10 in Dodging
 11700 | D:9      | Found a bloodstained altar of Trog.
 12326 | D:9      | Reached skill level 11 in Dodging
 12716 | D:9      | Found a transporter.
 12773 | D:9      | Noticed a two-headed ogre
 12774 | D:9      | Found a roughly hewn altar of Beogh.
 12774 | D:9      | Found a transporter.
 13179 | D:9      | Killed a two-headed ogre
 13246 | D:9      | Reached skill level 12 in Dodging
 13427 | D:10     | Entered Level 10 of the Dungeon
 13460 | D:10     | Reached XP level 11. HP: 67/67 MP: 7/15
 13934 | D:10     | Learned a level 4 spell: Summon Ice Beast
 13974 | D:10     | Found a staircase to the Lair.
 14322 | D:10     | Slain by a meliai simulacrum

Levels and vault maps discovered:
D:1:      lemuel_arrival_muddy, layout_basic, serial_forest,
          infiniplex_forest_lined_corner, infiniplex_forest_end_1,
          infiniplex_forest_lined_3, infiniplex_forest_straight_2,
          infiniplex_forest_straight_4
D:2:      layout_rooms, nicolae_overflow_hidden_temple, old_standard_altar,
          serial_forest, infiniplex_forest_lined_room_2,
          infiniplex_forest_straight_4, infiniplex_forest_diagonal,
          infiniplex_forest_pool, infiniplex_forest_pool, fedhas_altar_4,
          uniq_sigmund
D:3:      layout_basic, uniq_crazy_yiuf_cottage
D:4:      layout_loops_cross, kennysheep_mini, gup_sewer_entry_spiral,
          first_ration
D:5:      layout_basic, amethyst_overflow_temple_binary, tso_metal_star,
          gammafunk_temple_overflow_elements, uniq_blork_the_orc
D:6:      layout_basic, nicolae_overflow_crystal_walls, enter_ossuary_5,
          uniq_menkaure
D:7:      layout_rooms, minmay_temple_entry_arrows
D:8:      layout_basic
D:9:      gammafunk_beogh_shrine, layout_stronghold, trog_ov_bears_minmay
D:10:     layout_cave_pools, dpeg_oklobed_lair, serial_ice, serial_ice_b,
          serial_ice_l, serial_ice_h, serial_ice_g, uniq_erica
Sewer:    sewer_co_tree
Ossuary:  ossuary_tomb_1

Skill      XL: |  1  2  3  4  5  6  7  8  9 10 11 |
---------------+----------------------------------+-----
Summonings     | 5 6 9 10 | 10.2
Dodging        | 3 4 6 7 9 12 | 12.8
Fighting       | 2 3 5 7 8 |  8.0
Air Magic      | 2 6 |  6.1
Maces & Flails | 2 |  2.0
Stealth        | |  2.0
Spellcasting   | |  2.0
Ice Magic      | |  0.9

Action                   |  1- 3 |  4- 6 |  7- 9 | 10-12 || total
-------------------------+-------+-------+-------+-------++-------
Melee: Club              |    40 |       |       |       ||    40
       Peck              |    10 |    23 |    66 |    55 ||   154
       Kick              |    11 |    39 |    92 |    85 ||   227
       Short sword       |    34 |   109 |       |       ||   143
       Quarterstaff      |       |   102 |   323 |       ||   425
       Flail             |       |       |    95 |   305 ||   400
 Fire: Hand crossbow     |       |       |       |     8 ||     8
Throw: Stone             |     7 |    13 |    25 |    23 ||    68
 Cast: Summon Small Mamm |     1 |     1 |       |       ||     2
       Call Imp          |    10 |    18 |    23 |     4 ||    55
       Summon Lightning  |       |       |    10 |    14 ||    24
       Call Canine Famil |       |       |     2 |       ||     2
 Abil: Fly               |       |     1 |       |       ||     1
  Use: Scroll            |       |    10 |     7 |     2 ||    19
       Potion            |       |       |     4 |     2 ||     6
 Stab: Sleeping          |       |     1 |     2 |     1 ||     4
       Confused          |       |     1 |     1 |       ||     2
       Paralysed         |       |       |     3 |       ||     3
       Distracted        |       |       |     2 |     3 ||     5
  Eat: Chunk             |     1 |    15 |    15 |    11 ||    42
       Ration            |       |       |     2 |     1 ||     3
Armor: Robe              |     3 |       |       |       ||     3
       Ring mail         |    16 |    41 |    69 |    45 ||   171
Dodge: Dodged            |    51 |   154 |   383 |   410 ||   998

Table legend:
 A = Non-vault XP
 B = Vault XP
 C = Vault XP percentage of total XP
 D = Non-vault monster count
 E = Vault monster count
 F = Vault count percentage of total count
                 A         B        C        D         E       F
            +---------+---------+-------+---------+---------+-------
      Total |    7893 |    3681 |  31.8 |     221 |     105 |  32.2
            +---------+---------+-------+---------+---------+-------
        D:1 |      22 |       0 |   0.0 |      13 |       0 |   0.0
        D:2 |     101 |     116 |  53.5 |      20 |       1 |   4.8
        D:3 |      50 |      21 |  29.6 |      26 |       1 |   3.7
        D:4 |     144 |      36 |  20.0 |      13 |       7 |  35.0
        D:5 |     526 |      99 |  15.8 |      19 |       1 |   5.0
        D:6 |     347 |      86 |  19.9 |      14 |       1 |   6.7
        D:7 |     852 |       0 |   0.0 |      28 |       0 |   0.0
        D:8 |    1970 |       0 |   0.0 |      45 |       0 |   0.0
        D:9 |    2340 |    1787 |  43.3 |      20 |      18 |  47.4
       D:10 |    1541 |     590 |  27.7 |      23 |       8 |  25.8
      Sewer |       0 |     508 | 100.0 |       0 |      28 | 100.0
    Ossuary |       0 |     438 | 100.0 |       0 |      40 | 100.0
            +---------+---------+-------+---------+---------+-------
